 Dungeon Sprint DCSS version 0.30-a0-862-g1aabd4f9c5 (webtiles) character file.

Game seed: 9594220307309472911

228 retardedninja the Protected (level 5, 0/79 HPs)
             Began as a Minotaur Fighter on Mar 9, 2023.
             Succumbed to a sea snake's poison
             ... in the Dungeon (Sprint VII: "The Pits").
             The game lasted 00:00:31 (510 turns).

retardedninja the Protected (Minotaur Fighter)       Turns: 510, Time: 00:00:31

Health: 0/79       AC:  8    Str: 22    XL:     5   Next: 71%
Magic:  4/4        EV:  9    Int:  5    God:
Gold:   0          SH:  5    Dex: 10    Spells: 4/4 levels left

rFire   . . .      SeeInvis .    a - +0 war axe
rCold   . . .      Faith    .    c - +0 buckler
rNeg    . . .      Spirit   .    b - +0 scale mail
rPois   .          Reflect  .    (helmet restricted)
rElec   .          Rampage  .    (no cloak)
rCorr   .          NoTele   +    (no gloves)
Will    .....                    (no boots) Stlth
                                 (no amulet)
HPRegen 0.33/turn                (no ring)
MPRegen 0.09/turn                (no ring)

@: berserking, lethally poisoned (0 -> -30), very quick
A: horns 2, retaliatory headbutt
a: no special abilities


You were in the Dungeon.
You visited 1 branch

Inventory:

Hand Weapons
 a - a +0 war axe (weapon)
Armour
 b - a +0 scale mail (worn)
 c - a +0 buckler (worn)
Scrolls
 j - a scroll of blinking
Potions
 d - a potion of might
 e - a potion of curing
 h - 2 potions of magic


   Skills:
 + Level 8.0 Fighting
 + Level 6.1 Axes
 + Level 8.6 Armour
 + Level 8.5 Shields


You had 4 spell levels left.
You didn't know any spells.
Your spell library was empty.

Dungeon Overview and Level Annotations

Branches:
Dungeon (1/1)

Altars:


Innate Abilities, Weirdness & Mutations

You have a pair of horns on your head.
You reflexively headbutt those who attack you in melee.


Message History

Unknown command.
Unknown command.
You start resting.
Your extra speed is starting to run out.
You start resting.
You feel yourself slow down.
You start resting.
HP restored.
You start waiting.
Done waiting.
A sea snake and a freezing wraith come into view.
The sea snake hisses angrily.
The sea snake bites you but does no damage. x2
You hit the freezing wraith but do no damage.
You headbutt the freezing wraith, but do no damage.
You miss the sea snake. The sea snake completely misses you.
The freezing wraith hits you! The freezing wraith freezes you!!
The freezing wraith barely misses you.
A red film seems to cover your vision as you go berserk!
You feel yourself moving faster!
You feel mighty! The sea snake bites you!
The freezing wraith hits you but does no damage.
You block the freezing wraith's attack.
You hit the freezing wraith but do no damage.
You slash the sea snake! The sea snake bites you!
* * * LOW HITPOINT WARNING * * *
You are lethally poisoned!
The sea snake poisons you!
You block the freezing wraith's attack. x2
Unknown command.
You hit the freezing wraith but do no damage.
You headbutt the freezing wraith!
The freezing wraith is lightly damaged.
You slash the sea snake!
* * * LOW HITPOINT WARNING * * *
You feel very sick. The sea snake bites you!
* * * LOW HITPOINT WARNING * * *
You barely miss the freezing wraith.
The freezing wraith is lightly damaged.
You miss the sea snake.
You die...

#.......##...##
#...<...###...##+##..
#.......# ##.........
#.......###..###+###.
#.......##..##
##########..+ #..##
##..###+###
##@....... #SW.##+##.
#...## #..## ###


You could see a sea snake and a freezing wraith.

Vanquished Creatures
  A small abomination (D)
  A black bear (D)
  An adder (D)
3 creatures vanquished.

Notes
Turn   | Place    | Note
-------+----------+-------------------------------------------
     0 | D        | retardedninja the Minotaur Fighter began the quest for the
                  | Orb.
     0 | D        | Reached XP level 1. HP: 19/19 MP: 0/0
    16 | D        | Noticed a black bear
    16 | D        | Noticed a small abomination
    25 | D        | Reached XP level 2. HP: 16/28 MP: 1/1
    27 | D        | Killed a black bear
    28 | D        | Reached XP level 3. HP: 15/38 MP: 2/2
    28 | D        | Reached XP level 4. HP: 17/45 MP: 3/3
   319 | D        | Killed a small abomination
   320 | D        | Reached XP level 5. HP: 34/53 MP: 4/4
   504 | D        | Noticed a sea snake
   504 | D        | Noticed a freezing wraith
   510 | D        | Succumbed to a sea snake's poison

Illustrated notes

Levels and vault maps discovered:
D:        pitsprint [storerooms_1, entrance_room_1, metal_vault_5, armoury_2,
          mini_pit_1, grid_room_1, main_hall_1, silver_pit, the_coven_1,
          the_vestibule_1, steel_vault_2, golden_pit, hallway_of_sentries,
          crystal_vault_5, iron_vault_3, final_vault]

Skill      XL: |  1  2  3  4 |
---------------+-------------+-----
Fighting       | 4 6 8 |  8.0
Armour         | 4 6 8 |  8.6
Shields        | 4 6 8 |  8.5
Axes           | 4 6 |  6.1

Action                     |  1- 3 |  4- 6 || total
---------------------------+-------+-------++-------
  Melee: War axe           |     5 |     9 ||    14
         Headbutt          |     1 |     5 ||     6
    Use: Potion            |       |     3 ||     3
 Armour: Scale mail        |     6 |     4 ||    10
  Dodge: Dodged            |     6 |     4 ||    10
  Block: Buckler           |     2 |     5 ||     7

Table legend: (Time is in decaauts)
 A = Elapsed time spent in this place.
 B = Non-inter-level travel time spent in this place.
 C = Inter-level travel time spent in this place.
 D = Time resting spent in this place.
 E = Time spent auto-exploring this place.
 F = Levels seen in this place.
 G = Mean time per level.
                   A        B        C        D        E       F      G
               +--------+--------+--------+--------+--------+-----+--------+
         Total |    494 |    494 |      0 |    418 |     16 |   1 |  494.0 |
       Dungeon |    494 |    494 |      0 |    418 |     16 |   1 |  494.0 |
               +--------+--------+--------+--------+--------+-----+--------+

Top non-repeatable levels by time:
       D: 494 daAuts
